 Dungeon Crawl Stone Soup version 0.31-a0-536-ga3e2962e35 (webtiles) character file.

Game seed: 8950560845777829956

345 Ethylacetat the Ducker (level 6, -2/43 HPs)
             Began as an Octopode Gladiator on Aug 13, 2023.
             Slain by Eustachio
             ... wielding a +0 falchion
              (7 damage)
             ... on level 4 of the Dungeon.
             The game lasted 00:03:55 (2783 turns).

Ethylacetat the Ducker (Octopode Gladiator)         Turns: 2783, Time: 00:03:57

Health: -2/43      AC:  1    Str: 14    XL:     6   Next: 58%
Magic:  6/6        EV: 15    Int: 10    God:
Gold:   100        SH:  0    Dex: 15    Spells: 5/5 levels left

rFire   . . .        a - +0 long sword
rCold   . . .        (no shield)
rNeg    + + .        b - +0 hat
rPois   .            (no amulet)
rElec   .            e - +4 ring of slaying
rCorr   .            f - ring of positive energy
SInv    .            k - ring of positive energy
Will    .....        (no ring)
Stlth   ++++         (no ring)
HPRegen 0.27/turn    (no ring)
MPRegen 0.10/turn    (no ring)
                     (no ring)

%: no passive effects
@: no status effects
A: almost no armour, amphibious, 8 rings, camouflage 1, gelatinous body 1,
(nimble swimmer 1), tentacles
a: no special abilities


You were on level 4 of the Dungeon.
You visited 1 branch of the dungeon, and saw 4 of its levels.

You collected 172 gold pieces.
You spent 72 gold pieces at shops.

Inventory:

Hand Weapons
 a - a +0 long sword (weapon)
Missiles
 c - 3 throwing nets (quivered)
 d - 6 javelins
Armour
 b - a +0 hat (worn)
Jewellery
 e - a +4 ring of slaying (left tentacle)
 f - a ring of positive energy (right tentacle)
 k - a ring of positive energy (on tentacle)
Talismans
 w - a flux talisman
Wands
 t - a wand of flame (25)
Scrolls
 g - 4 scrolls of identify {unknown}
 h - a scroll of revelation {unknown}
 j - 2 scrolls of immolation {unknown}
 l - 3 scrolls of noise {unknown}
 n - a scroll of blinking {unknown}
 p - a scroll of teleportation {unknown}
 s - a scroll of torment {unknown}
Potions
 i - a potion of curing {unknown}
 m - a potion of mutation {unknown}
 o - 2 potions of brilliance {unknown}
 q - a potion of enlightenment {unknown}
 r - a potion of might {unknown}
 u - a potion of lignification
 v - a potion of attraction


   Skills:
 + Level 3.6 Fighting
 - Level 4.3 Long Blades
 - Level 2.0 Throwing
 + Level 4.4 Dodging
 + Level 4.4 Stealth
 * Level 0.0 Shapeshifting


You had 5 spell levels left.
You didn't know any spells.
Your spell library was empty.

Dungeon Overview and Level Annotations

Branches:
Dungeon (4/15)
 Temple: D:4-7

Altars:
Ashenzari
Uskayaw

Shops:
D:4 !

Annotations:
D:4 Eustachio


Innate Abilities, Weirdness & Mutations

You cannot wear most types of armour.
You are amphibious.
You can wear up to eight rings at the same time.
Your skin changes colour to match your surroundings (Stealth+).
Your rubbery body absorbs attacks. (AC +1, EV +1)
((You are camouflaged when in or above water. (Stealth+)))
You have tentacles for arms and can constrict up to eight enemies at once.


Message History

Found a stone staircase leading up.
Eustachio the Magnificent comes into view.
He is wielding a +0 falchion.
A ball python comes into view.
The helpless Eustachio fails to defend himself.
You hit Eustachio. Your grab misses Eustachio. Your squeeze misses Eustachio.
Eustachio is lightly wounded.
Eustachio hits you with a +0 falchion!
You barely miss Eustachio. Your grab misses Eustachio. You squeeze Eustachio.
Eustachio is lightly wounded.
Eustachio barely misses you.
Eustachio gestures wildly while chanting.
Eustachio blinks!
You hit Eustachio. You grab Eustachio.
Eustachio is lightly wounded.
You constrict Eustachio.
Eustachio says, "My allies will avenge me."
Eustachio hits you with a +0 falchion!
You hit Eustachio.
Eustachio is moderately wounded.
You constrict Eustachio. Eustachio completely misses you.
You slash Eustachio!
Eustachio is severely wounded.
You constrict Eustachio, but do no damage.
Eustachio hits you with a +0 falchion.
You are too injured to fight recklessly!
You are too injured to fight recklessly!
You are too injured to fight recklessly!
You release your grip on Eustachio.
Eustachio casts a spell.
You miss Eustachio. You grab Eustachio.
Eustachio is severely wounded.
You constrict Eustachio. The bat completely misses you.
Eustachio hits you with a +0 falchion.
You slash Eustachio!
Eustachio is almost dead.
You constrict Eustachio. Eustachio hits you with a +0 falchion!
* * * LOW HITPOINT WARNING * * *
The quokka misses you. The rat closely misses you.
Eustachio hits you with a +0 falchion!
You die...

##.......#.#.#
.'.........#.#
##...........#
#.......#.###
#.......#<..#
#.......###.#+#######
#.......# #$........#
#######.# #...r.....#
#.# #..b@@....# #.
#...r.....#
#.........#
#..........#
#..#+####### #.. ....
....# #....


You could see Eustachio, a quokka (summoned), a bat (summoned) and a rat
(summoned).

Vanquished Creatures
  Sigmund (D:2)
  A scorpion (D:3)
  A gnoll (D:1)
  An adder (D:4)
  2 worms (D:2)
  2 dart slugs
  An orc (D:4)
  10 ball pythons
  15 bats
  12 endoplasms
  2 giant cockroaches (D:1)
  10 goblins
  7 hobgoblins
  10 jackals
  6 quokkas
  4 frilled lizards (D:1)
  3 kobolds
  4 rats
92 creatures vanquished.

Notes
Turn   | Place    | Note
-------+----------+-------------------------------------------
     0 | D:1      | Ethylacetat the Octopode Gladiator began the quest for the
                  | Orb.
     0 | D:1      | Reached XP level 1. HP: 14/14 MP: 1/1
   132 | D:1      | Reached skill level 1 in Stealth
   141 | D:1      | Reached XP level 2. HP: 19/19 MP: 2/2
   357 | D:1      | Reached XP level 3. HP: 25/25 MP: 3/3
   975 | D:2      | Reached XP level 4. HP: 30/30 MP: 4/4
  1514 | D:2      | Noticed Sigmund
  1523 | D:2      | Killed Sigmund
  1524 | D:2      | Reached XP level 5. HP: 36/36 MP: 5/5
  1524 | D:2      | Reached XP level 6. HP: 42/42 MP: 6/6
  1720 | D:3      | Found a hide-covered altar of Uskayaw.
  1721 | D:3      | Noticed a +0 dagger
  1721 | D:3      | Noticed a +0 hand axe
  1879 | D:3      | Found a broken altar of Ashenzari.
  1915 | D:3      | Found a faded altar of an unknown god.
  2565 | D:4      | Found Rynleuhe's Distillery.
  2581 | D:4      | Bought a potion of lignification for 36 gold pieces
  2581 | D:4      | Bought a potion of attraction for 36 gold pieces
  2768 | D:4      | Noticed Eustachio
  2783 | D:4      | Slain by Eustachio

Illustrated notes

Levels and vault maps discovered:
D:1:      sevenhm_arrival_forest_fort_large_4, layout_loops_ring,
          minmay_misc_feat_tiny, minmay_vboxes
D:2:      layout_basic, minmay_liquid_box, uniq_sigmund
D:3:      layout_loops_ring, old_standard_altar, dancing_weapons_uskayaw,
          shapermc_ecumenical_altar_venn, kennysheep_minor_cross
D:4:      layout_basic, lemuel_mausoleum_altar_kikubaaqudgha, serial_shops,
          nicolae_shop_trees, uniq_grinder, uniq_eustachio

Skill      XL: |  1  2  3  4  5  6 |
---------------+-------------------+-----
Stealth        | 1 2 3 4 |  4.4
Fighting       | 3 |  3.6
Long Blades    | 4 |  4.3
Dodging        | 4 |  4.4
Throwing       | |  2.0

Action                     |  1- 3 |  4- 6 || total
---------------------------+-------+-------++-------
  Melee: Long sword        |    66 |    79 ||   145
         Tentacles         |     5 |    14 ||    19
         Constrict         |    11 |    19 ||    30
         Punch             |       |     3 ||     3
   Stab: Sleeping          |    11 |    14 ||    25
 Armour: Skin              |     3 |     4 ||     7
  Dodge: Dodged            |    46 |    44 ||    90

Table legend: (Time is in decaauts)
 A = Elapsed time spent in this place.
 B = Non-inter-level travel time spent in this place.
 C = Inter-level travel time spent in this place.
 D = Time resting spent in this place.
 E = Time spent auto-exploring this place.
 F = Levels seen in this place.
 G = Mean time per level.
                   A        B        C        D        E       F      G
               +--------+--------+--------+--------+--------+-----+--------+
         Total |   2812 |   2757 |     55 |     54 |   2155 |   4 |  703.0 |
       Dungeon |   2812 |   2757 |     55 |     54 |   2155 |   4 |  703.0 |
               +--------+--------+--------+--------+--------+-----+--------+

Top non-repeatable levels by time:
     D:1: 958 daAuts
     D:3: 855 daAuts
     D:2: 760 daAuts
     D:4: 238 daAuts
